 Dungeon Crawl Stone Soup version 0.20-a0-909-g1a4ba80 (webtiles) character file.

35 Hook the Magician (level 3, -49/24 HPs)
             Began as a Mummy Fire Elementalist on Mar 22, 2017.
             Killed from afar by an adder (64 damage)
             ... with an exploding inner flame
             ... hexed by the player character
             ... on level 2 of the Dungeon.
             The game lasted 00:04:59 (1240 turns).

Hook the Magician (Mummy Fire Elementalist)         Turns: 1240, Time: 00:05:00

Health: -49/24     AC:  2    Str: 11    XL:     3   Next: 17%
Magic:  0/7        EV: 12    Int: 15    God:
Gold:   33         SH:  0    Dex: 12    Spells: 2/8 levels left

rFire    x . .     SeeInvis .   f - +0 dagger
rCold    + . .     Gourm    .   a - +0 robe
rNeg     + + +     Faith    .   (no shield)
rPois    ∞         Spirit   .   (no helmet)
rElec    .         Reflect  .   (no cloak)
rCorr    .         Harm     .   (no gloves)
MR       .....                  (no boots)
Stlth    ++........             (no amulet)
Regen    0.1/turn               (no ring)
MPRegen  0.1/turn               (no ring)

@: very slightly contaminated
A: no food or potions, fire vulnerability, cold resistance 1, negative energy
resistance 3, torment resistance, unbreathing
a: no special abilities


You were on level 2 of the Dungeon.
You were not hungry.

You visited 1 branch of the dungeon, and saw 2 of its levels.

You collected 33 gold pieces.

Inventory:

Hand Weapons
 f - a +0 dagger (weapon)
Missiles
 h - a throwing net (quivered)
Armour
 a - a +0 robe (worn)
Scrolls
 c - a scroll of recharging {unknown}
 d - a scroll of enchant weapon {unknown}
 e - 4 scrolls of remove curse {unknown}
 g - 2 scrolls of identify {unknown}
Books
 b - a book of Flames

   Spells                             Type                      Level
   a - Flame Tongue                   Conjuration/Fire             1
   b - Throw Flame                    Conjuration/Fire             2
   c - Conjure Flame                  Conjuration/Fire             3
   d - Inner Flame                    Hexes/Fire                   3
   e - Sticky Flame                   Conjuration/Fire             4
   f - Fireball                       Conjuration/Fire             5


   Skills:
 + Level 0.1 Short Blades
 + Level 1.8 Dodging
 + Level 1.5 Stealth
 * Level 3.2 Spellcasting
 + Level 0.7 Conjurations
 * Level 3.1 Fire Magic


You had 2 spell levels left.
You knew the following spells:

 Your Spells              Type           Power        Failure   Level  Hunger
a - Flame Tongue          Conj/Fire      #....        12%         1    N/A
b - Throw Flame           Conj/Fire      #.....       14%         2    N/A
c - Inner Flame           Hex/Fire       #.......     34%         3    N/A

Dungeon Overview and Level Annotations

Branches:
Dungeon (2/15)

Altars:


Innate Abilities, Weirdness & Mutations

You do not eat or drink.
Your flesh is vulnerable to fire.
You are immune to poison.
Your flesh is cold resistant. (rC+)
You are immune to negative energy. (rN+++)
You are immune to unholy pain and torment.
You can survive without breathing.


Message History

The adder barely misses you. The adder misses you.
You hit the adder.
The adder is severely wounded.
The adder closely misses you.
Casting: Flame Tongue
Confirm with . or Enter, or press ? or * to list all spells.
You don't have enough magic to cast that spell.
Casting: Flame Tongue
Confirm with . or Enter, or press ? or * to list all spells.
You don't have enough magic to cast that spell.
Casting: Flame Tongue
Confirm with . or Enter, or press ? or * to list all spells.
Aiming: Flame Tongue
Press: ? - help, Shift-Dir - straight line, f/p - adder
Aim: an adder (severely wounded, inner flame)
The flame tongue hits the adder.
The adder explodes!
The fiery explosion engulfs you! The fire burns you terribly!
Ouch! That really hurt!
You die...

#### ...#### ...
.###############.......
..###.......#...@§§....#
...##.# #....#§#§#####
...##.#####.###..#.#
...##.##....# #.##.#
...##.##...%# #)##.#
...##.##..#.........
...##...........##..
................##..
.......)..........


There were no monsters in sight!

Vanquished Creatures
  A dart slug (D:1)
  A leopard gecko (D:2)
  A giant cockroach (D:1)
  6 goblins (D:1)
  8 hobgoblins
  A kobold (D:1)
  3 bats (D:1)
  3 frilled lizards
  4 rats (D:1)
28 creatures vanquished.

Notes
Turn   | Place    | Note
-------+----------+-------------------------------------------
     0 | D:1      | Hook the Mummy Fire Elementalist began the quest for the Orb.
     0 | D:1      | Reached XP level 1. HP: 13/13 MP: 4/4
   213 | D:1      | Reached XP level 2. HP: 19/19 MP: 3/5
   721 | D:1      | Learned a level 2 spell: Throw Flame
  1012 | D:2      | Reached XP level 3. HP: 24/24 MP: 2/7
  1225 | D:2      | Learned a level 3 spell: Inner Flame
  1240 | D:2      | Killed from afar by an adder

Vault maps used:
D:1:      dpeg_arrival_concentric_ovals
D:2:      first_bread

Skill      XL: |  1  2 |
---------------+-------+-----
Spellcasting   | 3 |  3.2
Fire Magic     | 3 |  3.1
Short Blades   | |  0.1
Dodging        | |  1.8
Stealth        | |  1.5
Conjurations   | |  0.7

Action                   || total
-------------------------++-------
Melee: Dagger            ||    40
       Unarmed           ||     1
 Cast: Flame Tongue      ||    32
       Throw Flame       ||     9
       Inner Flame       ||     1
 Stab: Distracted        ||     1
       Sleeping          ||     1
Armor: Robe              ||    16
Dodge: Dodged            ||    39
